Description

Messing around with one of the two TvX I saw on here.

Build Order

Get SALT Encoding   

  12  0:01  SCV  
  13  0:18  SCV  
  14  0:24  Supply Depot  
  15  0:56  Barracks  
  16  1:07  Refinery  
  17  1:26  Supply Depot  
  19  2:02  Barracks Tech Lab  
  19  2:09  Barracks x2  
  19  2:35  Marauder  
  21  3:05  Marauder  
  21  3:09  Orbital Command  
  23  3:14  Barracks Reactor  
  23  3:22  Barracks Reactor  
  23  3:35  Marauder  
  25  4:00  Supply Depot  
  25  4:04  Marine x2  
  25  4:05  Marauder  
  29  4:11  Concussive Shells  
  29  4:15  Marine x4  
  31  4:35  Marauder  
  34  4:43  Supply Depot  
  35  4:42  Marine x2  
  37  5:02  Marine x2  
  39  5:13  Marauder, Supply Depot  Before the Attack
  45  5:34  Action  Time to move out
Spawning Tool Build Advisor. Get it on Overwolf

Analysis

Ideally, this will allow You to push with early terran bio pretty quickly. Subject to iteration.

Go to:

Details

  • Created by: cdr255
  • Published on: Feb 17, 2020
  • Modified on: Feb 17, 2020
  • Patch: 4.11.0
Show
View Real Time Build Order
Export as new Build Order

Comments (0)

There are no comments. Be the first!

Create an account to comment!